AoeStats
← ITZ | AutocavS

Arabia

510198687Analyzed
1v1 RM · 4d ago on Sep 29, 2026· 26m 28s· 2 players
Game mode
Random Map
Map size
Tiny (2 player)
Population
200
Speed
Normal
Resources
Standard
Victory
Conquest
Starting age
Dark Age
Ending age
Imperial Age
RankedLock teamsTeams togetherTeam positionsShared explorationLock speedFull tech treeHidden civsTurbo modeCheats
Victory
Defeat
🇦🇷 Magyars · Argentina
1490
+19
🇲🇽 Muisca · Mexico
1546
-19
ITZ | AutocavS
5:41 Loom
8:52 Feudal Age
10:38 Double-Bit Axe
12:21 Horse Collar
17:58 Fletching
22:10 Castle Age
20:36 Padded Archer Armor
20:33 Gold Mining
21:12 Bloodlines
22:12 Scale Barding Armor
23:36 Chain Barding Armor
hK | Anubis
6:25 Loom
9:09 Feudal Age
10:01 Double-Bit Axe
12:53 Fletching
16:05 Horse Collar
18:48 Wheelbarrow
22:05 Castle Age
20:51 Scale Mail Armor
22:14 Crossbowman
23:04 Bodkin Arrow
23:47 Bow Saw
23:55 Padded Archer Armor
Connection lost

Rejoining the realm…

Still unreachable

The connection could not be restored.

Session expired

The server has moved on; the page needs a fresh start.